Map: Rainfall LE

Players

ShoWTimE - Winner!

  • Race: Protoss Protoss
  • Spawn Location: 5:00

Arrogfire

  • Race: Protoss Protoss
  • League: Master
  • Spawn Location: 11:00

Event: HomeStory Cup XXIX

VOD

Have the link to the VOD?

Description

Time

  • Played on: July 3, 2026, 12:22 p.m.
  • Length: 15:04

All games in this series

Show
View Real Time Build Order
Export as new Build Order

ShoWTimE Protoss - Winner!

Build Orders: Phoenix Opening 

Get SALT Encoding   

  8  0:00  Probe (Chrono Boost)  
  9  0:12  Probe (Chrono Boost)  
  10  0:20  Probe (Chrono Boost)  
  11  0:26  Probe  
  12  0:31  Pylon  
  12  0:38  Probe  
  13  0:50  Probe  
  13  0:53  Gateway  
  14  1:03  Probe (Chrono Boost)  
  15  1:04  Assimilator  
  16  1:12  Probe (Chrono Boost), Assimilator  
  16  1:17  Probe (Chrono Boost)  
  17  1:29  Probe  
  18  1:40  Cybernetics Core  
  18  1:41  Probe  
  18  1:46  Gateway  
  19  1:53  Probe  
  20  1:57  Pylon  
  20  2:05  Probe  
  21  2:16  Stalker  
  21  2:17  Probe  
  21  2:18  Warp Gate  
  24  2:29  Probe  
  25  2:30  Pylon  
  25  2:33  Sentry  
  25  2:34  Phoenix  
  27  2:44  Stalker  
  29  3:08  Nexus  
  29  3:12  Probe  
  30  3:13  Sentry  
  32  3:24  Probe, Shield Battery  
  33  3:36  Probe  
  33  3:38  Twilight Council  
  34  3:47  Pylon  
  34  3:48  Probe  
  35  4:00  Probe  
  36  4:07  Stalker  
  38  4:11  Phoenix  
  38  4:12  Probe  
  39  4:21  Probe (Chrono Boost)  
  39  4:22  Dark Shrine  
  40  4:26  Probe (Chrono Boost)  
  42  4:33  Probe (Chrono Boost)  
  42  4:34  Stalker  
  42  4:36  Probe (Chrono Boost)  
  45  4:39  Probe (Chrono Boost)  
  45  4:41  Probe (Chrono Boost)  
  47  4:47  Probe  
  47  4:49  Assimilator  
  47  4:51  Probe  
  49  4:59  Probe  
  50  5:00  Blink (Chrono Boost)  
  50  5:03  Probe  
  50  5:04  Pylon  
  51  5:11  Probe  
  52  5:15  Probe, Gateway  
  52  5:20  Pylon  
  53  5:23  Probe  
  53  5:26  Robotics Facility  
  53  5:27  Probe  
  55  5:32  Shield Battery  
  55  5:39  Phoenix  
  55  5:41  Dark Templar  
  57  5:45  Probe  
  57  5:46  Gateway  
  57  5:47  Pylon  
  58  5:50  Probe  
  58  5:57  Dark Templar  
  61  5:58  Probe  
  61  6:03  Pylon  
  62  6:12  Probe  
  62  6:14  Observer (Chrono Boost)  
  62  6:16  Probe  
  65  6:19  Nexus  
  65  6:24  Stalker x2, Probe  
  70  6:28  Immortal (Chrono Boost)  
  70  6:29  Probe  
  73  6:40  Shield Battery  
  73  6:45  Stalker  
  73  6:47  Stalker  
  73  6:48  Zealot  
  73  6:50  Zealot  
  79  6:56  Shield Battery  
  79  6:57  Immortal (Chrono Boost)  
  83  7:07  Stalker  
  85  7:09  Probe  
  85  7:11  Probe  
  85  7:12  Pylon  
  87  7:17  Stalker  
  87  7:21  Probe  
  90  7:30  Probe  
  90  7:32  Stalker x3  
  90  7:35  Probe x2  
  98  7:42  Probe  
  98  7:43  Stalker  
  101  7:47  Shield Battery, Probe x2  
  100  7:54  Probe  
  100  7:55  Stalker x3  
  106  7:59  Probe  
  103  8:11  Probe  
  98  8:16  Nexus  
  98  8:22  Pylon  
  98  8:23  Warp Prism (Chrono Boost)  
  98  8:28  Forge  
  98  8:32  Pylon  
  98  8:43  Stalker x4  
  92  8:51  Immortal (Chrono Boost)  
  88  8:57  Protoss Ground Weapons Level 1 (Chrono Boost)  
  83  9:06  Stalker x3  
  83  9:08  Charge (Chrono Boost)  
  83  9:09  Stalker  
  91  9:10  Probe  
  91  9:11  Probe  
  93  9:26  Gateway x2  
  93  9:32  Assimilator  
  93  9:36  Zealot x3  
  99  9:40  Dark Templar  
  101  9:49  Pylon, Immortal (Chrono Boost)  
  105  9:53  Gateway  
  105  10:03  Zealot x3  
  91  10:21  Immortal (Chrono Boost)  
  91  10:26  Zealot x4  
  93  10:33  Stalker x2  
  93  10:34  Probe x2  
  93  10:35  Protoss Ground Weapons Level 2 (Chrono Boost)  
  88  10:47  Probe  
  88  10:49  Gateway  
  89  10:50  Probe x2  
  89  10:53  Templar Archives  
  91  11:00  Probe  
  91  11:03  Zealot x7  
  106  11:11  Shield Battery  
  106  11:12  Photon Cannon  
  106  11:13  Assimilator, Probe  
  107  11:20  Observer (Chrono Boost)  
  107  11:23  Pylon  
  108  11:26  Zealot x4  
  116  11:35  Shield Battery  
  116  11:41  High Templar x2  
  116  11:44  Pylon  
  116  11:45  Archon  
  120  11:48  Zealot x2  
  120  11:51  Probe  
  120  11:52  Zealot x4  
  133  12:00  Immortal (Chrono Boost)  
  137  12:09  Pylon  
  137  12:10  Pylon  
  137  12:12  Zealot x2  
  137  12:15  Zealot  
  143  12:21  Zealot x3  
  139  12:24  High Templar x2  
  139  12:29  Pylon, Archon  
  141  12:35  Immortal (Chrono Boost)  
  145  12:37  Zealot  
  145  12:38  Zealot  
  149  12:50  High Templar x2, Zealot x2  
  157  12:52  Pylon  
  157  12:53  Pylon  
  157  12:55  Archon  
  157  13:04  Zealot x4  
  163  13:17  Immortal (Chrono Boost)  
  163  13:19  Zealot x2  
  145  13:25  Zealot x2  
  145  13:26  Zealot  
  117  13:32  Zealot x2  
  99  13:42  Zealot x3  
  95  13:56  Zealot x5  
  103  14:03  Zealot  
  103  14:04  Zealot  
  101  14:19  High Templar x8  
  101  14:23  Archon x2, Immortal (Chrono Boost)  
  117  14:24  Archon x2  
  107  14:56  Zealot x7  
Show
View Real Time Build Order
Export as new Build Order

Arrogfire Protoss 

Build Orders:  

Get SALT Encoding   

  8  0:00  Probe (Chrono Boost)  
  9  0:12  Probe (Chrono Boost)  
  10  0:17  Probe (Chrono Boost)  
  11  0:26  Probe  
  12  0:30  Pylon  
  12  0:38  Probe  
  13  0:50  Probe  
  13  0:53  Gateway  
  14  1:03  Probe (Chrono Boost)  
  14  1:04  Assimilator  
  16  1:12  Probe (Chrono Boost)  
  16  1:13  Assimilator  
  16  1:17  Probe (Chrono Boost)  
  17  1:29  Probe  
  18  1:32  Gateway  
  18  1:41  Probe  
  18  1:45  Cybernetics Core  
  19  1:53  Probe  
  20  1:57  Pylon  
  20  2:05  Probe  
  21  2:17  Probe  
  21  2:22  Stalker  
  24  2:23  Stalker  
  24  2:26  Warp Gate  
  26  2:31  Probe  
  27  2:37  Pylon  
  27  2:43  Probe  
  28  2:55  Stalker  
  29  2:58  Stalker  
  31  3:25  Nexus  
  31  3:33  Probe (Chrono Boost)  
  32  3:38  Twilight Council  
  32  3:45  Probe (Chrono Boost)  
  32  3:48  Pylon  
  33  3:51  Sentry, Probe (Chrono Boost)  
  36  4:09  Probe  
  37  4:16  Blink (Chrono Boost)  
  37  4:17  Probe  
  38  4:25  Phoenix, Adept x2, Probe  
  41  4:37  Probe (Chrono Boost)  
  43  4:41  Probe (Chrono Boost), Pylon  
  44  4:46  Probe (Chrono Boost)  
  44  4:50  Probe (Chrono Boost)  
  44  4:51  Probe (Chrono Boost)  
  46  5:02  Stalker x2  
  46  5:03  Probe x2  
  52  5:12  Gateway  
  52  5:15  Probe x2  
  52  5:19  Robotics Facility  
  54  5:27  Probe  
  54  5:28  Probe  
  56  5:34  Stalker x2  
  56  5:35  Assimilator  
  60  5:39  Probe  
  62  5:44  Pylon  
  62  5:47  Pylon  
  62  5:48  Pylon  
  61  5:50  Pylon  
  61  5:51  Probe, Pylon  
  61  5:52  Probe  
  63  5:57  Sentry  
  63  6:03  Probe  
  66  6:05  Probe  
  66  6:06  Observer (Chrono Boost)  
  68  6:12  Stalker  
  68  6:15  Probe, Gateway  
  68  6:17  Probe  
  72  6:28  Probe  
  72  6:30  Stalker, Phoenix  
  75  6:35  Gateway  
  75  6:36  Probe  
  75  6:37  Gateway  
  75  6:39  Gateway  
  76  6:40  Probe, Pylon  
  75  6:47  Warp Prism (Chrono Boost), Stalker  
  77  6:58  Stalker x2  
  81  7:14  Stalker x2  
  81  7:15  Observer (Chrono Boost)  
  86  7:16  Pylon  
  86  7:20  Stalker x2  
  90  7:26  Pylon  
  90  7:39  Stalker x4  
  98  7:46  Assimilator  
  98  7:55  Nexus  
  90  8:12  Observer (Chrono Boost)  
  86  8:13  Stalker  
  86  8:14  Stalker x3  
  86  8:15  Probe x2  
  91  8:22  Stalker  
  91  8:23  Charge (Chrono Boost)  
  91  8:25  Pylon  
  95  8:28  Stalker  
  95  8:32  Probe x2  
  95  8:46  Stalker x2  
  85  8:55  Phoenix  
  83  8:56  Stalker x2  
  83  9:01  Warp Prism (Chrono Boost)  
  87  9:06  Probe x3  
  92  9:10  Gateway  
  92  9:12  Sentry  
  92  9:13  Zealot x4  
  102  9:18  Probe x3  
  102  9:19  Zealot x2  
  109  9:25  Pylon  
  109  9:30  Probe, Pylon  
  110  9:35  Stalker  
  110  9:46  Templar Archives  
  110  9:47  Zealot x6  
  122  9:57  Probe x2  
  122  10:00  Pylon  
  116  10:14  Warp Prism (Chrono Boost)  
  99  10:15  Zealot x4  
  99  10:20  Zealot x3  
  99  10:21  Zealot x2  
  103  10:22  Probe  
  104  10:34  Zealot x2  
  108  10:42  Observer  
  100  10:43  Zealot x2  
  100  10:44  Zealot x3  
  100  10:48  Probe x2  
  109  10:53  Probe  
  110  11:00  Probe, Forge  
  110  11:01  Immortal (Chrono Boost), Sentry  
  110  11:02  Zealot  
  119  11:06  Zealot  
  119  11:07  High Templar  
  119  11:08  High Templar  
  119  11:09  Probe x2  
  127  11:12  Archon  
  127  11:17  High Templar x2  
  127  11:18  Probe  
  132  11:20  Pylon  
  132  11:21  Archon  
  132  11:25  Zealot x2  
  136  11:35  Protoss Ground Weapons Level 1 (Chrono Boost)  
  136  11:36  Photon Cannon  
  136  11:38  Photon Cannon  
  136  11:43  Nexus  
  136  11:46  Photon Cannon  
  136  11:55  High Templar x2, Zealot  
  136  11:56  Zealot x2  
  136  11:59  Archon  
  146  12:03  Zealot x2  
  146  12:06  Pylon  
  150  12:11  Pylon  
  138  12:24  High Templar x2, Zealot  
  138  12:25  Zealot  
  138  12:27  Zealot x2  
  138  12:28  Archon  
  150  12:31  Probe x2, Gateway  
  150  12:32  Gateway  
  152  12:37  Probe  
  152  12:43  Probe  
  154  12:45  Zealot x2  
  154  12:50  High Templar  
  160  12:51  High Templar, Zealot  
  160  12:55  Archon  
  160  12:57  Zealot  
  166  13:05  Zealot x2  
  166  13:08  Zealot x2  
  166  13:12  Pylon  
  168  13:13  Pylon  
  168  13:17  Zealot  
  168  13:18  Observer (Chrono Boost)  
  137  13:22  Zealot x2  
  123  13:28  Zealot x4  
  111  13:37  Zealot  
  111  13:40  Zealot  
  97  13:43  Zealot x2  
  97  13:44  Immortal  
  98  13:51  Zealot x4  
  100  13:57  High Templar  
  100  13:59  High Templar  
  95  14:04  Archon  
  95  14:05  Zealot x4  
  103  14:15  High Templar x2  
  103  14:16  Zealot x2  
  107  14:19  Archon  
  107  14:24  Zealot  
  107  14:28  Zealot x2  
  107  14:29  Zealot  
  115  14:34  High Templar x2  
  115  14:37  Zealot x2  
  123  14:38  Archon  
  87  14:53  Zealot x2  
Tags
 
Add a new tag
Caveats
  • Supply blocks, unpowered buildings, or Contaminate may cause inaccurate times.
  • Supply counts are checked every 10 seconds.